 Dungeon Crawl Stone Soup version 0.23-a0-319-gb40ba49 (webtiles) character file.

88 HoaS the Skirmisher (level 4, 0/30 HPs)
             Began as a Gargoyle Berserker on Oct 14, 2018.
             Was a Believer of Trog.
             Killed by divine providence
             ... invoked by an orc priest
              (13 damage)
             ... on level 3 of the Dungeon.
             The game lasted 00:07:54 (1495 turns).

HoaS the Skirmisher (Gargoyle Berserker)            Turns: 1495, Time: 00:07:55

Health: 0/30       AC: 10    Str: 22    XL:     4   Next: 54%
Magic:  0/4        EV: 10    Int:  7    God:    Trog [**....]
Gold:   36         SH:  0    Dex:  9    Spells: 3/3 levels left

rFire    . . .     SeeInvis .     - Unarmed
rCold    . . .     Gourm    .   (no shield)
rNeg     + . .     Faith    .   l - +0 scale mail
rPois    ∞         Spirit   +   (no helmet)
rElec    +         Reflect  .   d - scarf {Spirit}
rCorr    .         Harm     .   (no gloves)
MR       .....                  (no boots)
Stlth    ..........             (no amulet)
HPRegen  0.10/turn              (no ring)
MPRegen  0.09/turn              (no ring)

@: no status effects
A: negative energy resistance 1, electricity resistance, unbreathing,
petrification resistance, rot immunity, AC +3
a: Berserk, Trog's Hand, Renounce Religion


You were on level 3 of the Dungeon.
You worshipped Trog.
Trog was pleased with you.
You were not hungry.

You visited 1 branch of the dungeon, and saw 3 of its levels.

You collected 36 gold pieces.

Inventory:

Armour
 d - a scarf of spirit shield (worn)
 e - a +0 plate armour
 l - a +0 scale mail (worn)
Jewellery
 j - a +5 ring of intelligence {unknown}
Scrolls
 a - 3 scrolls of remove curse
 h - a scroll of identify
Potions
 c - a potion of curing
 f - 2 potions of heal wounds
 i - a potion of ambrosia {unknown}
 k - 2 potions of haste {unknown}
Comestibles
 b - 3 rations
 g - 9 chunks of flesh


   Skills:
 * Level 4.3 Fighting
 + Level 3.0 Armour
 - Level 1.5 Dodging
 * Level 4.0 Unarmed Combat


You had 3 spell levels left.
You didn't know any spells.
Your spell library was empty.

Dungeon Overview and Level Annotations

Branches:
Dungeon (3/15)

Altars:


Innate Abilities, Weirdness & Mutations

You are resistant to torment.
Your stone body is resilient. (AC +3)
You are immune to poison.
You resist negative energy. (rN+)
You are resistant to electric shocks. (rElec)
You can survive without breathing.
You are immune to petrification.
You are immune to rotting.


Message History

You climb downwards.
The orc priest invokes the aid of Beogh against you.
Pain shoots through your body!
There is a stone staircase leading up here.
You barely miss the orc priest.
The orc priest calls down the wrath of Beogh upon you.
Beogh smites you!
You are too injured to fight recklessly!
You are too injured to fight recklessly!
You hit the orc priest.
The orc priest is moderately wounded.
The orc priest misses you.
You hit the orc priest.
The orc priest is heavily wounded.
The orc priest looks satisfied for a moment.
You hit the orc priest.
The orc priest is almost dead.
The orc priest calls down the wrath of Beogh upon you.
Beogh smites you!
You die...

.# #.. .. ...
.... .# #..
.#.# ....#
....!
.#.##....#
........
#o#.#.#.#
##@.......
#.<..#.#.#
.............#
............#.#
.....(.........
..............#
...............
.............##
.........<...#


You could see an orc priest.

Vanquished Creatures
  Terence (D:2)
  An adder zombie (D:2)
  A dart slug (D:1)
  2 leopard geckos (D:2)
  3 orcs (D:2)
  7 bats
  2 giant cockroaches (D:2)
  5 goblins
  8 hobgoblins
  8 kobolds
  A quokka (D:2)
  2 frilled lizards
  14 rats
55 creatures vanquished.

Notes
Turn   | Place    | Note
-------+----------+-------------------------------------------
     0 | D:1      | HoaS the Gargoyle Berserker began the quest for the Orb.
     0 | D:1      | Reached XP level 1. HP: 14/14 MP: 1/1
   177 | D:1      | Reached XP level 2. HP: 10/19 MP: 2/2
   604 | D:1      | Reached XP level 3. HP: 21/24 MP: 3/3
   916 | D:2      | Reached ** piety under Trog
  1086 | D:2      | Noticed Terence
  1125 | D:2      | Killed Terence
  1125 | D:2      | Reached XP level 4. HP: 19/29 MP: 4/4
  1495 | D:3      | Killed from afar by an orc priest

Vault maps used:
D:1:      shiori_arrival_maze
D:2:      uniq_terence
D:3:      minitemple, chequers_ecumenical_altar_grove, first_ration,
          hangedman_decor_riveting, minivault_25,
          hangedman_decor_diamond_cutter, minmay_fountain_box, led_xom_imps

Skill      XL: |  1  2  3  4 |
---------------+-------------+-----
Fighting       | 4 |  4.3
Armour         | 3 |  3.0
Unarmed Combat | 4 |  4.0
Dodging        | |  1.5

Action                   |  1- 3 |  4- 6 || total
-------------------------+-------+-------++-------
Melee: Unarmed           |   168 |    33 ||   201
       Punch             |     4 |     1 ||     5
Invok: Berserk           |     1 |       ||     1
  Use: Scroll            |     3 |     3 ||     6
  Eat: Chunk             |     1 |     2 ||     3
Armor: Leather armour    |    71 |     5 ||    76
       Scale mail        |       |    10 ||    10
Dodge: Dodged            |    81 |    18 ||    99

Table legend:
 A = Non-vault XP
 B = Vault XP
 C = Vault XP percentage of total XP
 D = Non-vault monster count
 E = Vault monster count
 F = Vault count percentage of total count
                 A         B        C        D         E       F
            +---------+---------+-------+---------+---------+-------
      Total |      88 |      39 |  30.7 |      52 |       3 |   5.5
            +---------+---------+-------+---------+---------+-------
        D:1 |      42 |       3 |   6.7 |      27 |       2 |   6.9
        D:2 |      46 |      36 |  43.9 |      25 |       1 |   3.8
            +---------+---------+-------+---------+---------+-------
